 Dungeon Crawl Stone Soup version 0.29.0-4-gdea44cf6ec (webtiles) character file.

Game seed: 7817583396879438538

35 qw the Chopper (level 3, 0/21 HPs)
             Began as a Tengu Warper on Aug 29, 2022.
             Succumbed to their own poison gas
             ... on level 1 of the Dungeon.
             The game lasted 00:00:06 (885 turns).

qw the Chopper (Tengu Warper)                        Turns: 885, Time: 00:00:07

Health: 0/21       AC:  3    Str: 13    XL:     3   Next: 33%
Magic:  7/7        EV: 10    Int: 13    God:
Gold:   41         SH:  7    Dex: 13    Spells: 6/6 levels left

rFire   . . .      SeeInvis .   Y - +0 hand axe
rCold   . . .      Faith    .   g - +0 kite shield
rNeg    . . .      Spirit   .   b - +0 leather armour
rPois   .          Reflect  .   (helmet restricted)
rElec   .          Harm     .   (no cloak)
rCorr   .          Rampage  .   (no gloves)
Will    .....                   (boots unavailable)
Stlth   +.........              (no amulet)
HPRegen 0.07/turn               (no ring)
MPRegen 0.10/turn               (no ring)

@: lethally poisoned (0 -> -22), very slow
A: beak, talons 3
a: no special abilities


You were on level 1 of the Dungeon.
You visited 1 branch of the dungeon, and saw 1 of its levels.

You collected 41 gold pieces.


Innate Abilities, Weirdness & Mutations

You have a beak for a mouth.
You have claws for feet.


   Skills:
 - Level 2.0 Fighting
 - Level 4.0 Axes
 - Level 1.0 Throwing
 - Level 1.1 Armour
 - Level 2.1 Dodging
 + Level 0.0 Shields
 - Level 2.0 Spellcasting
 - Level 2.4 Translocations


You had 6 spell levels left.
You didn't know any spells.
Your spell library contained the following spells:

 Spells                   Type           Power      Damage    Failure   Level
 Blink                    Tloc           14%        N/A       56%         2
 Gell's Gravitas          Tloc           7%         N/A       80%         3
 Lesser Beckoning         Tloc           7%         N/A       80%         3
 Teleport Other           Tloc           7%         N/A       80%         3
 Manifold Assault         Tloc           7%         N/A       100%        5

Inventory:

Hand Weapons
 j - a +0 mace
 Y - a +0 hand axe (weapon)
Armour
 b - a +0 leather armour (worn)
 g - a +0 kite shield (worn)
Jewellery
 f - a ring of fire
Potions
 e - a potion of might {unknown}
 h - a potion of curing
 i - a potion of brilliance {unknown}

Dungeon Overview and Level Annotations

Branches:
Dungeon (1/15)

Altars:


Message History

You enter the shallow water.
Moving in this stuff is going to be slow.
There is a staircase leading out of the dungeon here.
You enter the shallow water.
Moving in this stuff is going to be slow.
Done exploring.
Done exploring.
875 ||| UPGRADING to +0 kite shield.
You start putting on your armour.
You continue putting on your +0 kite shield. x4
You finish putting on your +0 kite shield.
Done exploring.
880 ||| DROPPING ring of flight.
You drop a ring of flight.
You hear a splash.
Done exploring.
881 ||| READING scroll labelled WAZUIR FAIHET.
As you read the scroll labelled WAZUIR FAIHET, it crumbles to dust.
It is a scroll of identify.
Really abort (and waste the scroll)?
Done exploring.
882 ||| READING scroll labelled WOINIA REHANO.
The air fills with toxic fumes!
As you read the scroll labelled WOINIA REHANO, it crumbles to dust.
It was a scroll of poison.
Done exploring.
883 ||| DRINKING 2 brown potions.
It was a potion of curing.
You feel better.
Done exploring.
884 ||| DROPPING scroll of blinking.
You drop a scroll of blinking.
You hear a splash.
Done exploring.
(D) Dungeon
Where to? (* - list waypoints, ? - help)
What level of the Dungeon? (default 1, ? - help) Sorry, I don't know how to get there.
Done exploring.
885 ||| Stepping randomly (stuck).
Really walk into that cloud of poison gas?
You are engulfed in poison gas.
You are lethally poisoned!
Ouch! That really hurt!
You die...

#####.# ##¤¤¤¤¤¤¤¤¤¤¤¤### #. #.#
##¤¤¤¤¤¤¤¤¤¤¤¤¤~## #.
#.#####¤¤¤8¤¤¤¤¤¤¤¤8¤~~# #.
#.....#¤¤¤¤¤¤¤¤¤¤¤¤¤¤~~#####.
#.....¤¤¤¤¤¤¤¤¤¤¤¤¤¤¤~~...##.
#.....#¤¤¤¤¤¤¤¤¤¤¤¤¤¤~~.#.##.
#.#####¤¤¤¤¤¤¤¤¤¤¤¤¤¤~~)#.##. #.#
#¤¤¤¤¤¤?¤¤¤¤¤¤¤.~.#.##. #.#
#¤¤¤¤¤@¤¤¤¤¤¤¤¤~.##.##.
#.#####¤¤¤¤¤¤¤¤¤¤¤¤¤¤~~.#.##.
#####.....¤¤¤¤¤¤¤¤¤¤¤¤¤¤¤~~...##.
.....#####¤¤¤¤8¤¤¤¤¤¤¤¤8¤~~##.##.
####.# #¤#¤¤¤¤¤¤¤¤¤¤¤¤¤~###.##.
#.# #.##¤¤¤¤¤¤¤¤¤¤¤¤## #.##. #.#
#.###¤¤¤¤¤¤¤¤¤¤#####.##. #.# #.#
###.##...........##. #.# #.#
#....############.


There were no monsters in sight!

Vanquished Creatures
  4 dart slugs (D:1)
  3 endoplasms (D:1)
  3 goblins (D:1)
  3 hobgoblins (D:1)
  3 ball pythons (D:1)
  3 bats (D:1)
  A frilled lizard (D:1)
  4 kobolds (D:1)
  A rat (D:1)
25 creatures vanquished.

Notes
Turn   | Place    | Note
-------+----------+-------------------------------------------
     0 | D:1      | qw the Tengu Warper began the quest for the Orb.
     0 | D:1      | Reached XP level 1. HP: 12/12 MP: 4/4
     0 | D:1      | 0 ||| qw: Version: 0.1-a-89-g26bdef1
     0 | D:1      | 0 ||| qw: Game counter: 3426
     0 | D:1      | 0 ||| qw: Always use a shield: true
     0 | D:1      | 0 ||| qw: God list: Okawaru
     0 | D:1      | 0 ||| qw: Allow faded altars: false
     0 | D:1      | 0 ||| qw: Do Orc after D:15 true
     0 | D:1      | 0 ||| qw: Do second Lair branch before Depths: true
     0 | D:1      | 0 ||| qw: Lair rune preference: random
     0 | D:1      | 0 ||| qw: Plans: Normal
     0 | D:1      | 0 ||| PLANNING D:1-11
    11 | D:1      | 11 ||| Stepping ~*~*~tactically~*~*~ (hiding).
   113 | D:1      | 113 ||| Stepping ~*~*~tactically~*~*~ (stealth).
   129 | D:1      | Reached XP level 2. HP: 17/17 MP: 6/6
   137 | D:1      | Reached skill level 3 in Axes
   411 | D:1      | 411 ||| DROPPING +0 club.
   468 | D:1      | 468 ||| Stepping ~*~*~tactically~*~*~ (stealth).
   476 | D:1      | Reached XP level 3. HP: 21/21 MP: 7/7
   731 | D:1      | Reached skill level 4 in Axes
   875 | D:1      | 875 ||| UPGRADING to +0 kite shield.
   880 | D:1      | 880 ||| DROPPING ring of flight.
   881 | D:1      | 881 ||| READING scroll labelled WAZUIR FAIHET.
   882 | D:1      | 882 ||| READING scroll labelled WOINIA REHANO.
   883 | D:1      | 883 ||| DRINKING 2 brown potions.
   884 | D:1      | 884 ||| DROPPING scroll of blinking.
   885 | D:1      | 885 ||| Stepping randomly (stuck).
   885 | D:1      | Succumbed to their own poison gas

Levels and vault maps discovered:
D:1:      nzn_arrival_water_spiral, layout_basic, supply_closet_lemuel

Skill      XL: |  1  2  3 |
---------------+----------+-----
Axes           | 3 4 |  4.0
Fighting       | |  2.0
Throwing       | |  1.0
Armour         | |  1.1
Dodging        | |  2.1
Spellcasting   | |  2.0
Translocations | |  2.4

Action                   || total
-------------------------++-------
Melee: Hand axe          ||    41
       Kick              ||    13
       Peck              ||     5
Throw: Boomerang         ||     7
  Use: Scroll            ||     2
       Potion            ||     1
Armor: Leather armour    ||     7
Dodge: Dodged            ||    22

Table legend:
 A = Non-vault XP
 B = Vault XP
 C = Vault XP percentage of total XP
 D = Non-vault monster count
 E = Vault monster count
 F = Vault count percentage of total count
                 A         B        C        D         E       F
            +---------+---------+-------+---------+---------+-------
      Total |      50 |       0 |   0.0 |      25 |       0 |   0.0
            +---------+---------+-------+---------+---------+-------
        D:1 |      50 |       0 |   0.0 |      25 |       0 |   0.0
            +---------+---------+-------+---------+---------+-------
